 Dungeon Crawl Stone Soup version 0.29.1-14-g9c671dbff4 (webtiles) character file.

Game seed: 1954357890259091971

1327 xian the Protected (level 8, -2/68 HPs)
             Began as a Minotaur Wanderer on Feb 16, 2023.
             Slain by a hornet (5 damage)
             ... on level 6 of the Dungeon.
             The game lasted 00:15:22 (6804 turns).

xian the Protected (Minotaur Wanderer)              Turns: 6804, Time: 00:15:24

Health: -2/68      AC: 12    Str: 21    XL:     8   Next: 34%
Magic:  7/7        EV:  7    Int:  9    God:
Gold:   257        SH:  8    Dex:  8    Spells: 7/7 levels left

rFire   . . .      SeeInvis .   k - +1 dagger (protect)
rCold   . . .      Faith    .   t - +0 kite shield
rNeg    . . .      Spirit   .   p - +0 chain mail
rPois   .          Reflect  .   (helmet restricted)
rElec   .          Harm     .   (no cloak)
rCorr   .          Rampage  .   z - +0 pair of gloves
Will    .....                   (no boots)
Stlth   ..........              a - amulet of magic regeneration
HPRegen 0.21/turn               (no ring)
MPRegen 0.50/turn               (no ring)

@: lethally poisoned (-2 -> -7), about to teleport, slowed, very slow
A: horns 2, retaliatory headbutt
a: no special abilities


You were on level 6 of the Dungeon.
You visited 1 branch of the dungeon, and saw 6 of its levels.

You collected 257 gold pieces.

Inventory:

Hand Weapons
 k - a +1 dagger of protection (weapon)
Missiles
 h - 5 silver boomerangs
 i - 9 stones (quivered)
 y - 3 javelins
Armour
 p - a +0 chain mail (worn)
 t - a +0 kite shield (worn)
 u - a +0 buckler of protection
 z - a +0 pair of gloves (worn)
Jewellery
 a - an amulet of magic regeneration (around neck)
Wands
 s - a wand of roots (17)
 w - a wand of light (14)
Scrolls
 e - 4 scrolls of poison
 f - 2 scrolls of brand weapon {unknown}
 g - 3 scrolls of identify {unknown}
 j - 3 scrolls of enchant armour {unknown}
 l - a scroll of teleportation
 o - a scroll of magic mapping {unknown}
 r - 2 scrolls of enchant weapon {unknown}
 v - 2 scrolls of amnesia {unknown}
 A - a scroll of noise {unknown}
Potions
 b - a potion of curing
 c - a potion of might {unknown}
 d - 3 potions of brilliance {unknown}
 m - 2 potions of magic {unknown}
 n - a potion of haste {unknown}
 q - a potion of lignification {unknown}
 x - a potion of berserk rage {unknown}


   Skills:
 + Level 5.2 Fighting
 + Level 5.0 Short Blades
 + Level 0.1 Maces & Flails
 + Level 1.5 Throwing
 + Level 9.2 Armour
 + Level 2.9 Dodging
 + Level 1.0 Stealth
 + Level 6.0 Shields


You had 7 spell levels left.
You didn't know any spells.
Your spell library contained the following spells:

 Spells                   Type           Power      Damage    Failure   Level
 Blade Hands              Tmut           0%         N/A       100%        5
 Irradiate                Conj/Tmut      0%         3d11      100%        5
 Dragon Form              Tmut           0%         N/A       100%        7


Dungeon Overview and Level Annotations

Branches:
Dungeon (6/15)
 Temple: D:4-7

Altars:
Fedhas
Trog
Wu Jian

Annotations:
D:3 exclusion: oklob plant


Innate Abilities, Weirdness & Mutations

You have a pair of horns on your head.
You reflexively headbutt those who attack you in melee.


Message History

You feel as though you will be slow longer.
You hit the hornet but do no damage.
You feel sick.
You are no longer poisoned.
The hornet barely misses you. You furiously retaliate!
You headbutt the hornet.
The hornet stings you but does no damage.
You hit the hornet but do no damage. Your headbutt misses the hornet.
The hornet is lightly wounded.
The hornet stings you.
You feel as though you will be slow longer.
The hornet completely misses you.
Unknown command.
You hit the hornet but do no damage. Your headbutt misses the hornet.
The hornet is lightly wounded.
The hornet stings you!
* * * LOW HITPOINT WARNING * * *
You suddenly lose the ability to move!
The hornet stings you.
* * * LOW HITPOINT WARNING * * *
You are poisoned.
You shrug off the repeated paralysis!
You can move again.
Unknown command.
Okay, then.
You barely miss the hornet. You headbutt the hornet.
The hornet is moderately wounded.
You feel very sick.
The hornet stings you but does no damage.
The hornet stings you!
* * * LOW HITPOINT WARNING * * *
You feel as though you will be slow longer.
You feel better. You block the hornet's attack. The hornet stings you.
* * * LOW HITPOINT WARNING * * *
You are lethally poisoned!
You feel as though you will be slow longer.
As you read the scroll of teleportation, it crumbles to dust.
You feel strangely unstable.
* * * LOW HITPOINT WARNING * * *
You feel very sick.
The hornet stings you but does no damage.
The hornet stings you.
You die...

######## ######## ##.
....## .......# #..
....# # ######.# #..
#..######.## #.# #..
###..##......#.# #.# #..
#............... #.#
#..##.#..##......#.#
####.####
#..@y....######.##
#....>..# #.###.##.# #
#.##.##.# #........#
#.##.##.## #####.####
#........# #†#
#...)##..# ###.#
#..####..# ##.#.##
###........####.....###
.......................+


You could see a hornet.

Vanquished Creatures
  A sky beast (D:6)
  An ice beast (D:6)
  A black bear (D:6)
  An ogre (D:5)
  A phantom (D:6)
  A necrophage (D:6)
  4 scorpions
  5 hounds
  An orc priest (D:5)
  Terence (D:3)
  5 iguanas
  Natasha (thrice) (D:3)
  An orc wizard (D:5)
  4 adders
  3 worms
  The ghost of leafyfresh the Covert, a weakling GnDe (D:5)
  A dart slug (D:5)
  12 orcs
  8 endoplasms
  4 giant cockroaches (D:1)
  4 hobgoblins
  8 jackals
  3 quokkas
  4 ball pythons
  5 bats
  5 frilled lizards
  6 goblins
  4 kobolds
  10 rats
108 creatures vanquished.

Vanquished Creatures (others)
  An orc wizard (D:5)
1 creature vanquished.

Grand Total: 109 creatures vanquished

Notes
Turn   | Place    | Note
-------+----------+-------------------------------------------
     0 | D:1      | xian the Minotaur Wanderer began the quest for the Orb.
     0 | D:1      | xian set off with the following items: a +0 club, a potion
                  | of curing, a +0 scale mail, a potion of attraction, a +0
                  | buckler of protection.
     0 | D:1      | Reached XP level 1. HP: 19/19 MP: 0/0
     1 | D:1      | Found a runed translucent door.
   366 | D:1      | Reached XP level 2. HP: 22/27 MP: 1/1
   473 | D:1      | Found a faded altar of an unknown god.
  1106 | D:1      | Reached XP level 3. HP: 33/33 MP: 2/2
  1727 | D:2      | Reached skill level 1 in Short Blades
  1798 | D:2      | Reached skill level 7 in Armour
  2114 | D:3      | Noticed Terence
  2159 | D:3      | Killed Terence
  2160 | D:3      | Reached XP level 4. HP: 23/40 MP: 3/3
  2375 | D:3      | Found a blossoming altar of Fedhas.
  2391 | D:3      | Noticed an oklob plant
  2689 | D:3      | Noticed Natasha
  2704 | D:3      | Killed Natasha
  2705 | D:3      | Reached skill level 1 in Dodging
  3205 | D:3      | Noticed Natasha
  3221 | D:3      | Killed Natasha
  3222 | D:3      | Reached XP level 5. HP: 40/46 MP: 4/4
  3276 | D:3      | Noticed Natasha
  3297 | D:3      | Killed Natasha
  3546 | D:4      | Found an ornate altar of the Wu Jian Council.
  3849 | D:4      | Reached XP level 6. HP: 52/52 MP: 5/5
  4076 | D:5      | Entered Level 5 of the Dungeon
  4472 | D:5      | Found a transporter.
  4547 | D:5      | Found a transporter.
  4549 | D:5      | Noticed leafyfresh's ghost (weakling GnDe)
  4590 | D:5      | Reached XP level 7. HP: 60/60 MP: 6/6
  4723 | D:5      | Reached skill level 8 in Armour
  4740 | D:5      | Reached skill level 1 in Throwing
  5357 | D:5      | Killed leafyfresh's ghost
  5428 | D:5      | Reached skill level 5 in Shields
  5597 | D:5      | Found a bloodstained altar of Trog.
  5830 | D:6      | Reached skill level 5 in Fighting
  6014 | D:6      | Noticed a hornet
  6027 | D:6      | Paralysed by a hornet for 3 turns
  6032 | D:6      | Paralysed by a hornet for 3 turns
  6315 | D:6      | Noticed a steam dragon
  6532 | D:6      | Reached skill level 9 in Armour
  6532 | D:6      | Reached XP level 8. HP: 62/68 MP: 7/7
  6622 | D:6      | Reached skill level 1 in Stealth
  6647 | D:6      | Reached skill level 5 in Short Blades
  6790 | D:6      | Paralysed by a hornet for 3 turns
  6801 | D:6      | Paralysed by a hornet for 1 turns
  6802 | D:6      | HP: 3/68 [hornet (11)]
  6804 | D:6      | Slain by a hornet

Illustrated notes

Levels and vault maps discovered:
D:1:      dpeg_arrival_caged_fury, layout_basic,
          shapermc_ecumenical_altar_mp_highgroup, st_stairs_4
D:2:      layout_loops_ring
D:3:      layout_loops_ring, tgw_fedhas, uniq_terence, uniq_natasha
D:4:      layout_loops_cross, kennysheep_mini
D:5:      layout_basic, trog_book, gammafunk_ghost_arena,
          kennysheep_generic_room_12
D:6:      layout_loops_corners, mainiacjoe_overflow_concentric_impassable,
          roderic_batcave

Skill      XL: |  1  2  3  4  5  6  7  8 |
---------------+-------------------------+-----
Short Blades   | 1 2 3 4 5 |  5.0
Armour         | 7 9 |  9.2
Fighting       | 4 5 |  5.2
Dodging        | 1 2 |  2.9
Shields        | 3 4 5 6 |  6.0
Throwing       | 1 |  1.5
Stealth        | 1 |  1.0
Maces & Flails | |  0.1

Action                   |  1- 3 |  4- 6 |  7- 9 || total
-------------------------+-------+-------+-------++-------
Melee: Club              |    33 |       |       ||    33
       Headbutt          |    22 |    39 |    44 ||   105
       Dagger            |   159 |   186 |   279 ||   624
Throw: Boomerang         |     2 |       |       ||     2
       Stone             |       |    25 |    10 ||    35
Evoke: Wand              |       |       |     1 ||     1
  Use: Scroll            |       |       |     4 ||     4
       Potion            |       |       |     2 ||     2
 Stab: Invisible         |       |       |     1 ||     1
Armor: Scale mail        |    99 |     1 |       ||   100
       Chain mail        |       |   115 |   152 ||   267
       Skin              |       |     1 |       ||     1
Dodge: Dodged            |    89 |    70 |    76 ||   235
Block: Buckler           |    17 |     4 |       ||    21
       Kite shield       |       |    64 |   100 ||   164
